 Dungeon Crawl Stone Soup version 0.17.1-3-g152610e (webtiles) character file.

6339 inmateoo the Martial Artist (level 10, -11/76 HPs)
             Began as an Octopode Transmuter on Feb 20, 2016.
             Was an Elder of Makhleb.
             Killed by divine providence
             ... invoked by an orc priest
              (13 damage)
             ... on level 9 of the Dungeon.
             The game lasted 00:22:32 (10821 turns).

inmateoo the Martial Artist (Octopode Transmuter)  Turns: 10821, Time: 00:22:33

Health: -11/76     AC:  6    Str: 10    XL:     10   Next: 96%
Magic:  15/19      EV: 12    Int: 17    God:    Makhleb [****..]
Gold:   331        SH:  0    Dex: 14    Spells: 5 memorised, 6 levels left

rFire  x . .     SeeInvis +       - Unarmed
rCold  + + +     Clarity  .     (shield currently unavailable)
rNeg   + . .     SustAt   .     (helmet currently unavailable)
rPois  +         Gourm    .     (no amulet)
rElec  .         Spirit   .     o - ring of protection from cold
rCorr  .         Warding  .     q - ring of see invisible
rMut   .         Stasis   .     p - ring of positive energy
MR     +....                    x - ring of protection from magic
Stlth  +.........               (no ring)
                                (no ring)
                                (no ring)
                                (no ring)

@: ice-form, somewhat resistant to hostile enchantments, very unstealthy
A: almost no armour, amphibious, 8 rings, (constrict 8), (camouflage 0),
(gelatinous body 0)
a: End Transformation, Minor Destruction, Lesser Servant of Makhleb, Major
Destruction, Renounce Religion


You were on level 9 of the Dungeon.
You worshipped Makhleb.
Makhleb was greatly pleased with you.
You were very hungry.
You were a creature of crystalline ice.
You visited 2 branches of the dungeon, and saw 10 of its levels.

You collected 331 gold pieces.

Inventory:

Missiles
 a - 179 arrows
 G - 8 arrows of flame
Armour
 e - a +3 shield
 g - a +2 buckler
Jewellery
 o - a ring of protection from cold (left front paw)
 p - a ring of positive energy (on tentacle)
 q - a ring of see invisible (right front paw)
 x - a ring of protection from magic (on tentacle)
Scrolls
 h - 3 scrolls of enchant weapon
 r - 2 scrolls of amnesia
 u - 6 scrolls of remove curse
 y - 4 scrolls of enchant armour
 z - 2 scrolls of immolation
 F - 3 scrolls of teleportation
Potions
 i - a potion of flight
 k - a potion of cancellation
 l - 2 potions of agility
 m - 2 potions of haste
 n - 2 potions of resistance
 t - 2 potions of invisibility {unknown}
 v - 3 potions of curing {unknown}
 w - a potion of magic {unknown}
 A - 2 potions of poison {unknown}
Books
 b - a book of Changes

   Spells                             Type                      Level
   a - Beastly Appendage              Transmutation                1
   b - Sticks to Snakes               Transmutation                2
   c - Spider Form                    Transmutation/Poison         3
   d - Ice Form                       Ice/Transmutation            4
   e - Blade Hands                    Transmutation                5
 C - a Necronomicon

   Spells                             Type                      Level
   a - Haunt                          Necromancy/Summoning         7
   b - Borgnjor's Revivification      Necromancy                   8
   c - Death's Door                   Charms/Necromancy            8
   d - Necromutation                  Transmutation/Necromancy     8
 D - a book of Enchantments

   Spells                             Type                      Level
   a - Cause Fear                     Hexes                        4
   b - Silence                        Hexes/Air                    5
   c - Deflect Missiles               Charms/Air                   6
   d - Haste                          Charms                       6
   e - Discord                        Hexes                        8
Miscellaneous
 s - a fan of gales
Comestibles
 c - 4 bread rations
 d - a meat ration
 f - 4 beef jerkies
 B - a royal jelly


   Skills:
 + Level 4.2 Fighting
 + Level 5.6 Dodging
 + Level 1.6 Shields
 * Level 9.5 Unarmed Combat
 + Level 6.0 Spellcasting
 + Level 9.1 Transmutations
 - Level 3.2 Ice Magic
 + Level 2.0 Invocations


You had 6 spell levels left.
You knew the following spells:

 Your Spells              Type           Power        Failure   Level  Hunger
a - Beastly Appendage     Trmt           #####.       1%          1    None
b - Sticks to Snakes      Trmt           #####.....   1%          2    None
c - Spider Form           Trmt/Pois      ###.......   8%          3    ##.....
d - Ice Form              Ice/Trmt       ####....     12%         4    ####...
e - Blade Hands           Trmt           #####.....   10%         5    #####..


Dungeon Overview and Level Annotations

Branches:
Dungeon (9/15)             Temple (1/1) D:4
   Lair: D:8-11         Orc: D:9-12

Altars:
Ashenzari
Cheibriados
Dithmenos
Elyvilon
Fedhas
Kikubaaqudgha
Makhleb
Okawaru
Qazlal
Ru
Sif Muna
Trog
Vehumet
Xom
Yredelemnul
Zin
The Shining One

Shops:
D:6 (   D:8 %


Innate Abilities, Weirdness & Mutations

You cannot wear most types of armour.
You are amphibious.
You can wear up to eight rings at the same time.
((You can use your tentacles to constrict eight enemies at once.))
((Your skin changes colour to match your surroundings (Stealth).))
((Your rubbery body absorbs attacks (AC +1).))


Message History

The orc priest misses you.
You barely miss the orc warrior.
The orc warrior is almost dead.
The orc warrior hits you with a war axe!
* * * LOW HITPOINT WARNING * * *
You punch the orc warrior! You freeze the orc warrior.
You kill the orc warrior!
Makhleb accepts your kill.
You can now hurl Makhleb's greater destruction.
Your Spellcasting skill increases to level 6!
Your Invocations skill increases to level 2!
The orc priest hits you.
* * * LOW HITPOINT WARNING * * *
Drink which item? (? for menu, Esc to quit)
Okay, then.
You punch the orc priest! You freeze the orc priest.
The orc priest is severely wounded.
The orc priest calls down the wrath of Beogh upon you.
Something smites you!
You die...

##### # #...# ..#
#...#..... #...ooo.o.
#o###..... #)Y.# ..#
#...## #
#####....##############
#......(#......##..#.##
#.#####.#......#.......
#...#.#......#.#..###
#.....#.>....#.#.....
#.###.###......#.....#.
#.........##.#.###.#.#.


You could see an orc priest.

Vanquished Creatures
  Pikel (D:5)
  The ghost of F1L1N the Blocker, a novice MiFi of Vehumet (D:7)
  2 wyverns
  2 hungry ghosts
  A hippogriff (D:9)
  8 yaks
  The ghost of inmateoo the Insei, an amateur OpTm of Cheibriados (D:3)
  6 orc warriors
  A slave (D:5)
  3 black bears
  3 phantoms
  5 centaurs
  An ice beast (D:8)
  A big kobold (D:8)
  A giant frog (D:8)
  A water moccasin zombie (D:9)
  2 scorpions (D:5)
  3 wights (D:9)
  2 giant frog zombies
  2 jellies (D:8)
  2 crimson imps
  2 centaur skeletons
  6 orc priests
  2 giant frog skeletons
  A hound (D:9)
  9 orc wizards
  10 worker ants
  6 iguanas
  A hound zombie (D:6)
  A worker ant zombie (D:6)
  11 gnolls (D:8)
  11 adders
  2 oozes
  An adder zombie (D:8)
  An adder skeleton (D:4)
  4 worms
  9 giant geckos
  36 orcs
  2 giant cockroaches
  5 hobgoblins
  13 kobolds
  5 quokkas
  2 ball pythons
  6 bats
  6 giant newts
  8 goblins
  16 jackals
  A quokka skeleton (D:8)
  7 rats
233 creatures vanquished.

Vanquished Creatures (others)
  An ogre (D:5)
  An orc priest (D:5)
  2 orcs (D:5)
4 creatures vanquished.

Grand Total: 237 creatures vanquished

Notes
Turn   | Place    | Note
--------------------------------------------------------------
     0 | D:1      | inmateoo the Octopode Transmuter began the quest for the Orb.
     0 | D:1      | Reached XP level 1. HP: 13/13 MP: 3/3
   277 | D:1      | Reached XP level 2. HP: 9/18 MP: 5/5
  1151 | D:1      | Reached XP level 3. HP: 7/23 MP: 4/6
  1775 | D:2      | Reached XP level 4. HP: 24/28 MP: 5/7
  1799 | D:2      | Learned a level 2 spell: Sticks to Snakes
  1803 | D:2      | Learned a level 3 spell: Spider Form
  2012 | D:2      | Reached skill level 4 in Unarmed Combat
  2379 | D:2      | Found a blossoming altar of Fedhas.
  2556 | D:3      | You fall through a shaft for 3 floors!
  2561 | D:6      | Reached XP level 5. HP: 27/33 MP: 7/9
  2614 | D:5      | Entered Level 5 of the Dungeon
  2847 | D:3      | Found a radiant altar of Vehumet.
  2951 | D:3      | Noticed inmateoo's ghost (amateur OpTm)
  3077 | D:3      | Killed inmateoo's ghost
  3077 | D:3      | Reached XP level 6. HP: 23/38 MP: 1/10
  3237 | D:3      | Noticed a centaur
  3246 | D:3      | Killed a centaur
  3246 | D:3      | Reached skill level 5 in Unarmed Combat
  3832 | D:4      | Found a staircase to the Ecumenical Temple.
  3838 | Temple   | Entered the Ecumenical Temple
  4236 | D:4      | Reached XP level 7. HP: 36/43 MP: 7/11
  4302 | D:4      | Learned a level 4 spell: Ice Form
  4367 | D:4      | Reached skill level 5 in Transmutations
  4571 | D:4      | Noticed a black bear
  4581 | D:4      | Killed a black bear
  4581 | D:4      | Reached skill level 1 in Ice Magic
  4853 | D:5      | Noticed a centaur
  4869 | D:5      | Killed a centaur
  5112 | D:5      | Noticed a slave
  5115 | D:5      | Noticed Pikel
  5116 | D:5      | Noticed a slave
  5121 | D:5      | Killed a slave
  5123 | D:5      | Noticed a slave
  5125 | D:5      | Noticed a slave
  5130 | D:5      | Killed Pikel
  5130 | D:5      | Reached skill level 6 in Unarmed Combat
  5130 | D:5      | Reached XP level 8. HP: 48/48 MP: 5/14
  5426 | D:5      | Noticed a black bear
  5438 | D:5      | Killed a black bear
  5759 | D:6      | Found a deep blue altar of Sif Muna.
  5819 | D:6      | Noticed an orc warrior
  5859 | D:6      | Killed an orc warrior
  5873 | D:6      | Reached skill level 7 in Unarmed Combat
  5873 | D:6      | Reached XP level 9. HP: 47/54 MP: 15/15
  5883 | D:6      | Noticed a phantom
  5918 | D:6      | Killed a phantom
  6165 | D:6      | Found a burning altar of Makhleb.
  6365 | D:6      | Became a worshipper of Makhleb the Destroyer
  6372 | D:6      | Learned a level 5 spell: Blade Hands
  6504 | D:6      | Noticed a black bear
  6513 | D:6      | Killed a black bear
  6517 | D:6      | Found Gudaikk's Weapon Emporium.
  6715 | D:6      | Noticed a centaur
  6720 | D:6      | Killed a centaur
  7173 | D:7      | Reached * piety under Makhleb
  7296 | D:7      | Found a stormy altar of Qazlal.
  7300 | D:7      | Noticed F1L1N's ghost (novice MiFi)
  7387 | D:7      | Killed F1L1N's ghost
  7387 | D:7      | Reached skill level 5 in Spellcasting
  8370 | D:8      | Reached skill level 8 in Unarmed Combat
  8705 | D:8      | Found a glowing silver altar of Zin.
  8759 | D:8      | Found Pafuv's Food Emporium.
  8810 | D:8      | Reached XP level 10. HP: 45/63 MP: 13/18
  8818 | D:8      | Reached skill level 5 in Dodging
  8839 | D:8      | Reached ** piety under Makhleb
  9070 | D:8      | Found an iron altar of Okawaru.
  9481 | D:8      | Found a shattered altar of Ashenzari.
  9484 | D:8      | Found a snail-covered altar of Cheibriados.
  9887 | D:9      | Reached skill level 9 in Unarmed Combat
  9914 | D:8      | Reached *** piety under Makhleb
 10103 | D:9      | Found a sacrificial altar of Ru.
 10334 | D:9      | Reached skill level 1 in Invocations
 10371 | D:9      | Reached skill level 1 in Shields
 10820 | D:9      | Reached **** piety under Makhleb
 10820 | D:9      | HP: 2/76 [orc priest (5)]
 10821 | D:9      | Killed from afar by an orc priest

Action                   |  1- 3 |  4- 6 |  7- 9 | 10-12 || total
-------------------------+-------+-------+-------+-------++-------
Melee: Unarmed           |    70 |   146 |   307 |   191 ||   714
 Cast: Beastly Appendage |     7 |     2 |       |       ||     9
       Spider Form       |       |    10 |     5 |       ||    15
       Sticks to Snakes  |       |     4 |     8 |       ||    12
       Ice Form          |       |       |    22 |    15 ||    37
       Blade Hands       |       |       |     2 |     2 ||     4
  Use: Scroll            |       |     5 |    12 |     1 ||    18
       Potion            |       |       |     5 |       ||     5
 Stab: Sleeping          |     4 |     6 |     6 |       ||    16
       Distracted        |       |     2 |       |       ||     2
  Eat: Chunk             |     2 |    10 |    18 |    11 ||    41
       Pizza             |       |       |     1 |       ||     1
       Meat ration       |       |       |     2 |       ||     2
       Royal jelly       |       |       |     2 |       ||     2
